 Dungeon Crawl Stone Soup version 0.20.0-8-g6b59dc7 (webtiles) character file.

137 vatarom the Conjurer (level 5, -6/28 HPs)
             Began as a Tengu Air Elementalist on June 2, 2017.
             Mangled by no0bjke's ghost (8 damage)
             ... on level 3 of the Dungeon.
             The game lasted 00:07:56 (3214 turns).

vatarom the Conjurer (Tengu Air Elementalist)       Turns: 3214, Time: 00:07:56

Health: -6/28      AC:  2    Str:  8    XL:     5   Next: 20%
Magic:  4/9        EV: 13    Int: 16    God:
Gold:   138        SH:  0    Dex: 15    Spells: 2/8 levels left

rFire    . . .     SeeInvis .   e - +3 whip
rCold    . . .     Gourm    .   (no shield)
rNeg     . . .     Faith    .   a - +0 robe
rPois    .         Spirit   .   (helmet restricted)
rElec    .         Reflect  .   (no cloak)
rCorr    .         Harm     .   (no gloves)
MR       .....                  (boots unavailable)
Stlth    ++........             (no amulet)
Regen    0.1/turn               (no ring)
MPRegen  0.2/turn               (no ring)

@: hasted, very quick
A: beak, talons 3, able to fly 1
a: Fly


You were on level 3 of the Dungeon.
You were not hungry.

You visited 1 branch of the dungeon, and saw 3 of its levels.

You collected 138 gold pieces.

Inventory:

Hand Weapons
 e - a +3 whip (weapon)
Armour
 a - a +0 robe (worn)
Scrolls
 d - 2 scrolls of blinking
 i - a scroll of identify
Books
 b - a book of Air

   Spells                             Type                      Level
   a - Shock                          Conjuration/Air              1
   b - Swiftness                      Charms/Air                   2
   c - Static Discharge               Conjuration/Air              3
   d - Airstrike                      Air                          4
   e - Lightning Bolt                 Conjuration/Air              5
Comestibles
 c - a bread ration
 f - 2 meat rations


   Skills:
 - Level 2.1 Dodging
 - Level 2.0 Stealth
 - Level 2.0 Spellcasting
 + Level 5.7 Conjurations
 * Level 4.9 Air Magic


You had 2 spell levels left.
You knew the following spells:

 Your Spells              Type           Power        Failure   Level  Hunger
a - Shock                 Conj/Air       ###.         2%          1    #......
b - Swiftness             Chrm/Air       #.......     12%         2    ###....
c - Static Discharge      Conj/Air       ###.....     7%          3    ###....


Dungeon Overview and Level Annotations

Branches:
Dungeon (3/15)

Altars:
Hepliaklqana
Xom

Annotations:
D:3 no0bjke's ghost, amateur GrFi


Innate Abilities, Weirdness & Mutations

You have a beak for a mouth.
You have claws for feet.
You can fly.


Message History

No0bjke's ghost is lightly damaged.
No0bjke's ghost hits you but does no damage.
Casting: Shock
Confirm with . or Enter, or press ? or * to list all spells.
Aiming: Shock
Press: ? - help, Shift-Dir - straight line, f/p - no0bjke's ghost
Aim: no0bjke's ghost (lightly damaged)
The zap hits no0bjke's ghost.
No0bjke's ghost appears unharmed.
No0bjke's ghost is lightly damaged.
No0bjke's ghost hits you.
Casting: Shock
Confirm with . or Enter, or press ? or * to list all spells.
The air around you crackles with electrical energy.
No0bjke's ghost hits you!
Ouch! That really hurt!
No0bjke's ghost hits you!
* * * LOW HITPOINT WARNING * * *
You see here 3 tomahawks.
It was a potion of haste.
You feel yourself speed up. No0bjke's ghost hits you!
You die...

##..........#.##.###.#.....#
#...####.##.#.#......#.....#
....####.####...<.....รท....#
...........##..............#
...###.....##..............#
##.##..##............<.#
##...##.##..............#
##.....####..............#
.#.......####@....[.###.###
#....._.....#W.....>..##.##
###.......#...........##..#####
##.....##.#.................#
##...##..#.................#
##.##..##.................#
#....# ##.......#........#
##### ##..[..##........#
########........#


You could see no0bjke's ghost.

Vanquished Creatures
  Ijyb (D:3)
  Terence (D:2)
  3 adders (D:2)
  An ooze (D:1)
  A worm (D:2)
  A dart slug (D:2)
  A leopard gecko (D:1)
  4 giant cockroaches
  8 goblins
  5 hobgoblins
  8 kobolds
  A quokka (D:2)
  8 bats
  4 frilled lizards
  6 rats
53 creatures vanquished.

Notes
Turn   | Place    | Note
-------+----------+-------------------------------------------
     0 | D:1      | vatarom the Tengu Air Elementalist began the quest for the Orb.
     0 | D:1      | Reached XP level 1. HP: 10/10 MP: 4/4
   136 | D:1      | Reached skill level 2 in Conjurations
   268 | D:1      | Reached XP level 2. HP: 7/15 MP: 0/6
   341 | D:1      | Learned a level 2 spell: Swiftness
   864 | D:1      | Reached skill level 3 in Conjurations
   883 | D:1      | Reached XP level 3. HP: 14/19 MP: 1/7
   966 | D:1      | Learned a level 3 spell: Static Discharge
  1419 | D:2      | Noticed Terence
  1431 | D:2      | Killed Terence
  1431 | D:2      | Reached skill level 4 in Conjurations
  1431 | D:2      | Reached XP level 4. HP: 16/24 MP: 0/8
  2035 | D:2      | Reached skill level 5 in Conjurations
  2427 | D:2      | Found a hazy altar of Hepliaklqana.
  2770 | D:3      | Noticed no0bjke's ghost (amateur GrFi)
  2847 | D:3      | Noticed Ijyb
  2887 | D:3      | Killed Ijyb
  2887 | D:3      | Gained mutation: You can fly. [Tengu growth]
  2887 | D:3      | Reached XP level 5. HP: 13/28 MP: 1/9
  3169 | D:3      | Found a shimmering altar of Xom.
  3214 | D:3      | Mangled by no0bjke's ghost

Skill      XL: |  1  2  3  4 |
---------------+-------------+-----
Conjurations   | 2 3 4 5 |  5.7
Dodging        | |  2.1
Stealth        | |  2.0
Spellcasting   | |  2.0
Air Magic      | |  4.9

Action                   |  1- 3 |  4- 6 || total
-------------------------+-------+-------++-------
Melee: Unarmed           |    14 |       ||    14
       Whip              |    10 |    21 ||    31
       Kick              |     4 |     6 ||    10
       Peck              |     4 |     5 ||     9
 Cast: Shock             |    58 |    61 ||   119
       Static Discharge  |       |     3 ||     3
  Use: Scroll            |     6 |     2 ||     8
       Potion            |       |     6 ||     6
  Eat: Bread ration      |     1 |     1 ||     2
       Chunk             |       |     1 ||     1
Armor: Robe              |     6 |     9 ||    15
Dodge: Dodged            |    20 |    40 ||    60
